 Dungeon Sprint DCSS version 0.16.2-12-gd0ad4c3 (webtiles) character file.

5946 Arkorax the Bludgeoner (level 10, -1/135 HPs)
             Began as an Ogre Berserker on Dec 20, 2015.
             Was the Champion of Trog.
             Killed by the air
             ... invoked by a spriggan air mage
              (9 damage)
             ... in the Dungeon (Sprint V: "Ziggurat Sprint").
             The game lasted 00:05:36 (996 turns).

Arkorax the Bludgeoner (Ogre Berserker)              Turns: 996, Time: 00:05:36

Health: -1/135     AC: 26    Str: 30    XL:     10   Next: 84%
Magic:  10/10      EV:  5    Int:  4    God:    Trog [******]
Gold:   0          SH:  0    Dex: 15    Spells: 0 memorised, 9 levels left

rFire  + . .     SeeInvis +     b - +5 giant spiked club (freeze)
rCold  + . .     Rnd*Rage +     j - +9 gold dragon armour
rNeg   . . .     SustAb   .     (shield restricted)
rPois  +         Gourm    .     (helmet restricted)
rElec  +         Spirit   .     (no cloak)
rCorr  .         Warding  .     (gloves unavailable)
rMut   .         NoTele   +     (boots unavailable)
MR     ++...                    P - necklace of Bloodlust {*Rage +Rage MR+ Str+2 Int-2 Slay+3 Curse} (curse)
Stlth  ..........               N - ring "Xewnimuq" {Str+3 Dex+4 SInv}
                                L - ring "Fill" {rElec AC-3} (curse)

@: exhausted, slowed, very slow, very resistant to hostile enchantments,
extremely unstealthy
A: unfitting armour, tough skin 1
a: Burn Spellbooks, Berserk, Trog's Hand, Brothers in Arms, Renounce Religion,
Evoke Berserk Rage


You were in the Dungeon.
You worshipped Trog.
Trog was exalted by your worship.
You were hungry.

You visited 1 branch

Inventory:

Hand weapons
 b - a +5 giant spiked club of freezing (weapon)
 H - the +10 dark maul {crush}
   (You found it in the Dungeon)

   It inflicts extra damage upon your enemies.
 I - the +8 lance "Wyrmbane" {slay drac, +Rage rPois rF+ AC+5}
   (You found it in the Dungeon)

   It affects your AC (+5).
   It protects you from fire.
   It protects you from poison.
   It lets you go berserk.
Armour
 j - a +9 gold dragon armour (worn)
Jewellery
 B - a +6 ring of dexterity
 C - a +6 ring of dexterity
 D - a +6 ring of intelligence
 E - a +6 ring of intelligence
 F - a +6 ring of strength
 G - a +6 ring of strength
 L - the cursed ring "Fill" (left hand) {rElec AC-3}
   (You found it in the Dungeon)

   [ring of protection]

   It affects your AC (-3).
   It insulates you from electricity.
   It has a curse placed upon it.
 M - a +3 ring of dexterity
 N - the ring "Xewnimuq" (right hand) {Str+3 Dex+4 SInv}
   (You found it in the Dungeon)

   [ring of see invisible]

   It affects your strength (+3).
   It affects your dexterity (+4).
   It enhances your eyesight.
 O - an uncursed ring of ice
 P - the cursed necklace of Bloodlust (around neck) {*Rage +Rage MR+ Str+2 Int-2 Slay+3 Curse}
   (You found it in the Dungeon)

   [amulet of rage]

   It affects your strength (+2).
   It affects your intelligence (-2).
   It affects your accuracy and damage with ranged weapons and melee attacks
   (+3).
   It affects your resistance to hostile enchantments.
   It lets you go berserk.
   It may make you go berserk in combat.
   It may re-curse itself when equipped.
   It has a curse placed upon it.
 Q - the ring "Juweklex" {Wiz +Blink SInv}
   (You found it in the Dungeon)

   [ring of wizardry]

   It improves your spell success rate.
   It enhances your eyesight.
   It lets you blink.
Magical devices
 v - a wand of disintegration (7)
 y - a wand of fire (4)
 z - a wand of cold (5)
 A - a wand of draining (5)
Scrolls
 i - 4 scrolls of blinking
 l - 3 scrolls of recharging
 m - 7 scrolls of fog
 n - a scroll of holy word
 o - 5 scrolls of identify
 p - 5 scrolls of remove curse
 q - 2 scrolls of fear
Potions
 d - 8 potions of curing
 e - 2 potions of heal wounds
 f - 6 potions of haste
 g - 7 potions of magic
 h - 3 potions of berserk rage
 r - 2 potions of brilliance
 s - 2 potions of invisibility
 t - 2 potions of restore abilities
 u - 4 potions of resistance
 w - 5 potions of agility
 x - 5 potions of might
Books
 K - a book of Debilitation

   Spells                             Type                      Level
   a - Corona                         Hexes                        1
   b - Slow                           Hexes                        2
   c - Inner Flame                    Hexes/Fire                   3
   d - Enslavement                    Hexes                        4
   e - Cause Fear                     Hexes                        4
   f - Leda's Liquefaction            Hexes/Earth                  4
   Trog disapproves of the use of such an item.
Comestibles
 a - 42 fruits
 c - 4 meat rations
 k - 4 bread rations


   Skills:
 + Level 18.4 Fighting
 + Level 18.5 Maces & Flails
 + Level 13.8 Armour
 - Level 1.7 Dodging


You had 9 spell levels left.
You didn't know any spells.

Dungeon Overview and Level Annotations

Branches:
Dungeon (1/1)

Altars:
Ashenzari
Cheibriados
Dithmenos
Elyvilon
Fedhas
Gozag
Kikubaaqudgha
Makhleb
Nemelex Xobeh
Okawaru
Qazlal
Ru
Sif Muna
Trog
Vehumet
Xom
Yredelemnul
Zin
The Shining One
Beogh
Jiyva
Lugonu


Innate Abilities, Weirdness & Mutations

You are too large for most types of armour.
You have tough skin (AC +1).


Message History

The storm dragon barely misses you. The storm dragon tramples you.
* * * LOW HITPOINT WARNING * * *
You hold your ground!
The air elemental barely misses you.
The air elemental hits you but does no damage.
The spriggan air mage waves its arms in wide circles.
The air twists around and strikes you!
* * * LOW HITPOINT WARNING * * *
The wind drake bites you.
* * * LOW HITPOINT WARNING * * *
The air elemental barely misses you. x2
The air elemental hits you.
* * * LOW HITPOINT WARNING * * *
The air elemental barely misses you. The storm dragon bites you.
* * * LOW HITPOINT WARNING * * *
The storm dragon claws you but does no damage.
The storm dragon tramples you but does no damage.
The air elemental hits you but does no damage. x2
The spriggan air mage waves its arms in wide circles.
The air twists around and strikes you!
You die...

..)}:}|..▓...)).:..▓
▓..:\:}[..▓.....})..▓
▓.........▓.........▓
▓.........▓.........▓
▓.........▓.........▓
▓.........▓.........▓
▓...iv....▓.▓..)..▓.▓
▓.▓DkE..▓.▓.........▓
▓i..@ED.§.▓▓▓▓▓▓▓▓▓▓▓
▓▓▓▓▓▓▓▓▓▓▓


You could see 2 storm dragons, a wind drake, 2 spriggan air magi, 2 air
elementals and an insubstantial wisp.

Vanquished Creatures
  A death cob (D)
  A spriggan air mage (D)
  A shining eye (D)
  A draconian (D)
  2 ugly things (D)
  A wind drake (D)
  A jumping spider (D)
  3 slime creatures (D)
  A hog (shapeshifter) (D)
  2 golden eyes (D)
  A wolf (D)
  5 hell hounds (D)
  A porcupine (D)
  3 eyes of draining (D)
  A crocodile (shapeshifter) (D)
  2 scorpions (D)
  4 jellies (D)
  An orc priest (D)
  3 orc wizards (D)
  2 sheep (D)
  A white imp (D)
  3 giant eyeballs (D)
  A giant mite (D)
  3 adder skeletons (D)
  An adder zombie (D)
  An ooze (D)
  An orc (D)
  2 bat skeletons (D)
  2 bat zombies (D)
  3 jackals (D)
55 creatures vanquished.

Notes
Turn   | Place    | Note
--------------------------------------------------------------
     0 | D        | Arkorax, the Ogre Berserker, began the quest for the Orb.
     0 | D        | Reached XP level 1. HP: 24/24 MP: 1/1
     0 | D        | Found a basalt altar of Yredelemnul.
     0 | D        | Found an iron altar of Okawaru.
    14 | D        | Found a radiant altar of Vehumet.
    14 | D        | Found a shimmering altar of Xom.
    16 | D        | Found a burning altar of Makhleb.
    25 | D        | Found a deep blue altar of Sif Muna.
    26 | D        | Found a sparkling altar of Nemelex Xobeh.
    27 | D        | Found a white marble altar of Elyvilon.
    27 | D        | Found a bloodstained altar of Trog.
    27 | D        | Found a corrupted altar of Lugonu.
    32 | D        | Found a viscous altar of Jiyva.
    39 | D        | Reached skill level 8 in Fighting
    39 | D        | Reached XP level 2. HP: 30/41 MP: 2/2
    59 | D        | Entered arena 1.
    59 | D        | Noticed a death cob
    59 | D        | Noticed a draconian
    66 | D        | Killed a death cob
    66 | D        | Reached skill level 13 in Fighting
    66 | D        | Reached XP level 3. HP: 12/59 MP: 3/3
    66 | D        | Reached XP level 4. HP: 13/68 MP: 4/4
    66 | D        | Reached XP level 5. HP: 14/76 MP: 5/5
    66 | D        | Reached XP level 6. HP: 15/85 MP: 6/6
    66 | D        | Reached XP level 7. HP: 16/93 MP: 7/7
    71 | D        | Killed a draconian
    71 | D        | Reached skill level 14 in Fighting
    71 | D        | Reached XP level 8. HP: 18/105 MP: 8/8
    82 | D        | Entered arena 2.
    82 | D        | Noticed an eye of draining
    82 | D        | Noticed a jelly
    85 | D        | Killed a jelly
    88 | D        | Killed an eye of draining
    88 | D        | Acquired Trog's second power
   232 | D        | Entered arena 3.
   232 | D        | Noticed a jumping spider
   232 | D        | Noticed a scorpion
   232 | D        | Noticed a scorpion
   234 | D        | Killed a jumping spider
   239 | D        | Killed a scorpion
   240 | D        | Killed a scorpion
   241 | D        | Received a gift from Trog
   252 | D        | Entered arena 4.
   252 | D        | Noticed a hog
   252 | D        | Noticed a purple ugly thing
   252 | D        | Noticed a blink frog
   252 | D        | Noticed a green ugly thing
   255 | D        | a blink frog changed into a big kobold
   260 | D        | Killed a cyan ugly thing
   260 | D        | Reached skill level 15 in Fighting
   260 | D        | Reached skill level 15 in Maces & Flails
   260 | D        | Reached skill level 10 in Armour
   260 | D        | Reached XP level 9. HP: 35/115 MP: 9/9
   266 | D        | a hog changed into a crocodile
   268 | D        | Killed a purple ugly thing
   271 | D        | Acquired Trog's third power
   274 | D        | Reached skill level 16 in Fighting
   513 | D        | Entered arena 5.
   513 | D        | Noticed an orc priest
   513 | D        | Noticed an orc wizard
   513 | D        | Noticed an orc wizard
   513 | D        | Noticed an orc wizard
   517 | D        | Killed an orc wizard
   518 | D        | Killed an orc wizard
   523 | D        | Killed an orc priest
   528 | D        | Killed an orc wizard
   629 | D        | Got the cursed ring "Fill" {rElec AC-3}
   633 | D        | Entered arena 6.
   633 | D        | Noticed a shining eye
   633 | D        | Noticed a golden eye
   633 | D        | Noticed a slime creature
   637 | D        | Paralysed by a giant eyeball for 2 turns
   643 | D        | Killed a shining eye
   645 | D        | Killed a slime creature
   650 | D        | Paralysed by a giant eyeball for 2 turns
   658 | D        | Killed a golden eye
   658 | D        | Reached XP level 10. HP: 130/130 MP: 10/10
   658 | D        | Paralysed by a giant eyeball for 3 turns
   663 | D        | Paralysed by a giant eyeball for 2 turns
   675 | D        | Identified Sif Muna's Collected Works on Transmutation and Earth
   678 | D        | Received a gift from Trog
   693 | D        | Entered arena 7.
   693 | D        | Noticed a hell hound
   693 | D        | Noticed a hell hound
   701 | D        | Killed a hell hound
   701 | D        | Reached skill level 17 in Maces & Flails
   705 | D        | Killed a hell hound
   717 | D        | Got the ring "Xewnimuq" {Str+3 Dex+4 SInv}
   820 | D        | Entered arena 8.
   820 | D        | Noticed a porcupine
   820 | D        | Noticed a wolf
   821 | D        | Received a gift from Trog
   822 | D        | Killed a wolf
   827 | D        | Killed a porcupine
   840 | D        | Entered arena 9.
   840 | D        | Noticed a hell hound
   840 | D        | Noticed a hell hound
   841 | D        | Noticed a hell hound
   842 | D        | Killed a hell hound
   845 | D        | Killed a hell hound
   845 | D        | Received a gift from Trog
   850 | D        | Killed a hell hound
   874 | D        | Got the ring "Juweklex" {Wiz +Blink SInv}
   879 | D        | Entered arena 10.
   879 | D        | Noticed a jelly
   879 | D        | Noticed a jelly
   879 | D        | Noticed an eye of draining
   879 | D        | Noticed a slime creature
   879 | D        | Noticed an eye of draining
   879 | D        | Noticed a jelly
   879 | D        | Noticed a golden eye
   879 | D        | Noticed a slime creature
   879 | D        | Noticed a slime creature
   885 | D        | Killed a large slime creature
   885 | D        | Received a gift from Trog
   887 | D        | Killed a jelly
   888 | D        | Killed a slime creature
   889 | D        | Killed a jelly
   890 | D        | Killed a jelly
   891 | D        | Killed an eye of draining
   893 | D        | Killed an eye of draining
   893 | D        | Reached skill level 18 in Maces & Flails
   894 | D        | Killed a golden eye
   967 | D        | Entered arena 11.
   967 | D        | Noticed a spriggan air mage
   967 | D        | Noticed a wind drake
   967 | D        | Noticed a wind drake
   967 | D        | Noticed an air elemental
   967 | D        | Noticed an insubstantial wisp
   967 | D        | Noticed a spriggan air mage
   967 | D        | Noticed an air elemental
   967 | D        | Noticed a spriggan air mage
   968 | D        | Noticed a storm dragon
   968 | D        | Noticed a storm dragon
   980 | D        | Killed a wind drake
   988 | D        | Killed a spriggan air mage
   988 | D        | Received a gift from Trog
   989 | D        | HP: 8/202 [air elemental (9)]
   996 | D        | Killed from afar by a spriggan air mage

Action                   |  1- 3 |  4- 6 |  7- 9 | 10-12 || total
-------------------------+-------+-------+-------+-------++-------
Melee: Giant spiked club |     6 |       |    56 |    81 ||   143
Invok: Berserk           |     1 |       |     2 |     2 ||     5
       Trog's Hand       |       |       |     1 |     2 ||     3
       Burn Spellbooks   |       |       |       |     2 ||     2
Evoke: Wand              |       |       |       |     1 ||     1
  Use: Potion            |     1 |       |     7 |     3 ||    11
       Scroll            |       |       |     2 |     4 ||     6
  Eat: Meat ration       |       |       |     1 |       ||     1
